Cogmind - Beta 14 @@@ ROGUE MODE // 2024.09.20 @ 21:57:45 Player: Some Pennies Result: Destroyed by Executioner with Helical Railgun Performance ------------- Evolutions (6) 3000 Regions Visited (25) 5000 Robots Destroyed (381) 1905 Value Destroyed (16588) 16588 Prototype IDs (84) 1680 Alien Tech Used (0) 0 Bonus (10215) 10215 TOTAL SCORE: 38388 Bonus ------- High Alert Combat Kills 4521 Follower Combat Kills 2901 Network Hubs Disabled 800 Met Data Miner 300 Met Imprinter 300 Destroyed Z-Imprinter 1000 Triggered Deep Caves Wall 500 Exposed GOLEM Chamber 500 Met Warlord at Base 500 MAIN.C Attacked Warlord 500 Warlord Defense Kills 140 Built Enhanced Grunts 300 A7 Reached Mainframe 300 Met R17 at Cetus 500 Friendly Fire -2847 Cogmind --------- Core Integrity 0/1150 Matter 280/300 Energy 549/1100 System Corruption 14% Temperature Cool (12) Movement Core (1550) Ox30 Location -4/Warlord Parts ------- > --- POWER (2) -------- (None) > --- PROPULSION (4) --- (None) > --- UTILITY (11) ----- Assembled Nanovents Assembled Nanovents Huge Storage Unit Assembled Biocell Array Assembled Combat Suite Experimental Armor Integrity Analyzer Assembled Alloy Armor Graphene Brace Ghost Barrier > --- WEAPON (2) ------- (None) > --- INVENTORY (25) --- Quantum Reactor Improved Cooling System Zionite Biocell (600) Zionite Biocell (600) Particle Accelerator Zionite Weapon Casing Zionite Weapon Casing Thermal Barrier Experimental EM Disruption Field Makeshift System Restoration Module GOLEM Unit Vortex Shotgun (50) Vortex Shotgun (50) EMDS Enhanced Nova Cannon Long-range Missile Launcher Multitool Self-destruct Interrupter (50) Peak State ------------ > --- POWER ------------ Assembled Flux Generator > --- PROPULSION ------- Centrium Heavy Treads Assembled Alloy Leg Assembled Alloy Leg > --- UTILITY ---------- Assembled Nanovents Assembled Nanovents Assembled Nanovents Huge Storage Unit Assembled Biocell Array Assembled Suspension Frame Assembled Combat Suite Assembled Alloy Armor Graphene Brace GOLEM Unit > --- WEAPON ----------- Assembled Focal Cannon Assembled Focal Cannon > --- INVENTORY -------- Quantum Reactor Heavy Siege Treads Centrium Heavy Treads Advanced Power Amplifier Improved Cooling System Zionite Biocell Zionite Biocell Particle Accelerator Experimental Phase Shifter Zionite Weapon Casing Zionite Weapon Casing Improved Medium Armor Plating Experimental EM Disruption Field Improved Force Field GOLEM Unit Advanced Variable Charge Gun EMDS Enhanced Nova Cannon Long-range Missile Launcher Multitool [Rating: 175] Favorites ----------- Power Assembled Flux Generator Engine Subdweller Power Source Power Core Light Nuclear Core Reactor Assembled Flux Generator Propulsion Assembled Alloy Leg Treads Light Treads Leg Assembled Alloy Leg Wheel Subdweller Monowheel Hover Unit Zionite Glidesys I Flight Unit Cooled VTOL Module Utility Huge Storage Unit Device GOLEM Unit Storage Huge Storage Unit Processor Improved Signal Interpreter Hackware Makeshift Hacking Suite Protection Assembled Alloy Armor Weapon Assembled Focal Cannon Energy Gun Zionite Phaser-S Energy Cannon Assembled Focal Cannon Ballistic Gun Battle Rifle Ballistic Cannon Battle Cannon Launcher Heavy Missile Launcher Special Weapon Plasma Cutter Impact Weapon Great Maul Slashing Weapon Tearclaws Piercing Weapon Spear Special Melee Weapon Improved Datajack Build | -11 -10 -10 -8 -7 -7 -7 -7 -7 -6 -6 -6 -6 -6 -5 -5 -5 -5 -5 -5 -4 -4 -4 -4 -4 -4 ------- Run | Yrd Mat Sub Mat Fac Low Low Zio Dee Pro Fac Low Low Dat Pro Fac Ext Cet Arc Hub Fac Was Fac Upp Upp War Slots Evolved 12 | . . . 4 2 . . . . . 2 . . . . 2 . . . . 2 . . . . . Power 1 | . . . . 1 . . . . . . . . . . . . . . . . . . . . . Propulsion 2 | . . . 2 . . . . . . . . . . . . . . . . . . . . . . Utility 9 | . . . 2 1 . . . . . 2 . . . . 2 . . . . 2 . . . . . Weapon . | . . . . . . . . . . . . . . . . . . . . . . . . . . Parts Attached 457 | 8 16 30 68 30 6 1 23 64 6 19 8 4 . 8 18 10 12 13 26 31 14 9 12 6 15 Power 21 | 2 1 6 2 3 2 . 3 2 . . . . . . . . . . . . . . . . . Engine 15 | 2 . 5 2 2 1 . 2 1 . . . . . . . . . . . . . . . . . Core 5 | . 1 1 . 1 1 . 1 . . . . . . . . . . . . . . . . . . Reactor 1 | . . . . . . . . 1 . . . . . . . . . . . . . . . . . Propulsion 90 | 2 2 5 17 9 . . 2 15 . 5 1 . . 3 1 6 2 2 2 7 4 3 . . 2 Treads 46 | 2 1 3 6 . . . . 1 . 3 . . . 2 . 6 2 2 2 7 4 3 . . 2 Leg 17 | . 1 . . . . . . 11 . 2 1 . . 1 1 . . . . . . . . . . Wheel 7 | . . 2 3 . . . 2 . . . . . . . . . . . . . . . . . . Hover 4 | . . . 1 . . . . 3 . . . . . . . . . . . . . . . . . Flight 16 | . . . 7 9 . . . . . . . . . . . . . . . . . . . . . Utility 208 | 1 4 4 18 9 3 . 6 34 6 9 6 3 . 3 17 2 7 11 15 13 8 6 7 6 10 Device 93 | . 3 1 7 5 1 . 3 16 3 2 2 1 . 2 7 1 1 5 5 5 5 4 5 5 4 Storage 17 | 1 1 2 3 1 . . 1 3 . . 1 . . . 1 . . 1 . . . 2 . . . Processor 10 | . . . 4 2 . . . . 1 1 . . . . . . . . 1 . . . . . 1 Hackware 13 | . . . 1 1 1 . . . . . . . . . 4 . . . . 5 . . . . 1 Protection 75 | . . 1 3 . 1 . 2 15 2 6 3 2 . 1 5 1 6 5 9 3 3 . 2 1 4 Artifact . | . . . . . . . . . . . . . . . . . . . . . . . . . . Weapon 138 | 3 9 15 31 9 1 1 12 13 . 5 1 1 . 2 . 2 3 . 9 11 2 . 5 . 3 Energy Gun 26 | 1 . . 9 . . . . 7 . . . . . . . . 2 . 1 2 . . 2 . 2 Energy Cannon 26 | . 3 3 3 . 1 . 6 2 . . . . . . . . . . 2 2 1 . 2 . 1 Ballistic Gun 22 | 2 3 4 1 5 . . . 2 . . . . . . . 1 1 . 3 . . . . . . Ballistic Cannon 4 | . . 4 . . . . . . . . . . . . . . . . . . . . . . . Launcher 29 | . . 4 6 . . . . 2 . 2 . 1 . 2 . . . . 3 7 1 . 1 . . Special Weapon 10 | . 3 . 2 . . . 1 . . 3 . . . . . 1 . . . . . . . . . Impact Weapon 11 | . . . 9 2 . . . . . . . . . . . . . . . . . . . . . Slashing Weapon 1 | . . . . . . . . . . . 1 . . . . . . . . . . . . . . Piercing Weapon 5 | . . . . 2 . . 3 . . . . . . . . . . . . . . . . . . Special Melee Weapon 4 | . . . 1 . . 1 2 . . . . . . . . . . . . . . . . . . Unidentified Prototypes 39 | . . . 1 2 . . 1 13 . . . . . . . . 4 . 7 1 1 2 . . 7 Corrupted Parts 3 | . . . . . . . . . . . . . . 1 . . 1 1 . . . . . . . System Corruption 13 | . . . . . . . . . . . . . . 5 . . 1 7 . . . . . . . Parts Lost 61 | . 3 9 5 . . . . 13 . 4 . . . 2 . . . . 2 9 . 3 . . 11 Power 11 | . 1 3 2 . . . . 3 . . . . . . . . . . . 1 . . . . 1 Propulsion 17 | . 1 4 2 . . . . 4 . 2 . . . 1 . . . . . . . . . . 3 Utility 26 | . . 1 1 . . . . 6 . 2 . . . 1 . . . . 2 7 . 1 . . 5 Weapon 7 | . 1 1 . . . . . . . . . . . . . . . . . 1 . 2 . . 2 Highest Loss Streak 11 | . 3 5 4 . . . . 4 . 2 . . . 2 . . . . 1 5 . 3 . . 11 To Critical Strikes 2 | . . . . . . . . . . . . . . 2 . . . . . . . . . . . Average Slot Usage (%) 81 | . 99 81 73 78 84 84 81 80 84 81 84 85 73 82 87 87 81 78 81 82 72 68 83 83 82 Engine 2 | . 8 10 8 4 . . 2 2 . . . . . . . . . . . . . . . . . Core 1 | . 4 3 . 1 7 7 6 . . . . . . . . . . . . . . . . . . Reactor 3 | . . . . . . . . 5 7 5 6 6 6 5 5 5 5 5 5 4 5 5 5 5 4 Treads 8 | . 27 21 18 . . . . . . 3 . . . 4 . 9 5 5 5 7 5 5 5 5 4 Leg 12 | . . . . . . . . 23 30 22 26 26 24 19 23 12 11 9 10 9 9 10 9 10 9 Flight 1 | . . . 3 29 30 30 9 . . . . . . . . . . . . . . . . . . Device 12 | . 14 1 6 12 6 7 6 8 12 10 14 13 13 13 18 17 16 19 16 16 15 11 31 31 29 Storage 11 | . 14 12 6 7 7 7 7 10 15 13 13 13 13 11 10 11 11 10 11 10 9 9 10 10 10 Hackware 1 | . . . . 1 13 15 9 . . . . . . . 4 5 1 . . 9 6 4 . . . Protection 8 | . . 1 6 . . . 4 8 2 10 10 12 13 12 9 10 15 13 17 12 8 9 9 9 9 Energy Cannon 8 | . 5 8 2 . . . 1 9 15 12 11 12 2 12 11 10 10 10 7 7 9 10 9 10 9 Ballistic Gun 2 | . 21 7 . 1 . . . . . . . . . . . . . . 2 . . . . . . Ballistic Cannon 2 | . . 12 2 . . . . . . . . . . . . . . . . . . . . . . Peak Build Rating 175 | 6 12 45 46 43 43 46 47 113 115 131 127 123 119 120 144 136 158 159 160 168 165 175 174 169 173 Average Rating 96 | 5 9 20 30 35 42 43 40 88 109 120 116 118 101 115 130 130 149 149 155 153 155 159 164 166 165 On Entrance 100 | . 6 10 43 31 40 43 46 40 112 109 116 119 119 119 119 129 136 156 155 158 154 157 166 167 167 Naked Turns . | . . . . . . . . . . . . . . . . . . . . . . . . . . Heaviest Build 286 | 13 32 268 286 20 24 19 111 155 155 192 172 172 172 172 173 171 178 178 178 176 204 205 183 183 186 Greatest Support 160 | 40 40 40 86 28 20 20 38 112 88 96 96 96 96 96 113 90 80 80 160 80 70 80 80 60 80 Greatest Overweight (x) 95 | . 1 13 95 . 1 . 3 10 1 3 2 1 1 2 2 5 2 5 5 6 5 3 3 3 3 Average Overweight (x) 1 | . . 6 . . . . . 1 1 1 1 1 1 1 1 1 1 2 2 2 2 2 2 2 2 Largest Inventory Capacity 40 | 8 15 35 35 15 10 10 25 40 25 25 25 25 25 25 25 25 25 25 25 25 25 25 25 25 25 Average Capacity 24 | 7 14 32 16 10 10 10 20 21 25 25 25 25 25 25 24 25 25 24 25 25 25 25 25 25 25 Most Carried 25 | 5 15 25 21 14 10 10 19 25 25 25 25 25 25 25 25 25 25 25 25 25 25 25 25 25 25 Average Carried 21 | 2 11 20 12 9 9 10 15 17 24 24 24 24 25 24 22 24 24 23 24 23 23 24 22 24 24 Final Capacity 35 | 8 15 35 15 10 10 10 25 25 25 25 25 25 25 25 25 25 25 25 25 25 25 25 25 25 25 Final Carried 25 | 5 15 23 14 10 10 10 18 25 25 25 25 25 25 25 25 25 25 25 25 21 25 24 25 25 20 Class Distribution -------------------- 38% | Golem 13% | Scavenger-Golem 10% | Mutant 10% | Hauler-Mutant 7% | Commander-Golem 5% | Scavenger-Mutant 3% | Hauler-Gunner Dominant Class ---------------- Mutant | -10/Materials Hauler-Mutant | -10/Subcaves Mutant | -8/Materials Scout | -7/Factory Hacker-Sprinter | -7/Lower Caves Hacker-Sprinter | -7/Lower Caves Hacker-Mutant | -7/Zion Golem | -7/Deep Caves Golem | -6/Proximity Caves Golem | -6/Factory Golem | -6/Lower Caves Golem | -6/Lower Caves Golem | -6/Data Miner Golem | -5/Proximity Caves Golem | -5/Factory Golem | -5/Extension Commander-Golem | -5/Cetus Commander-Golem | -5/Archives Scavenger-Golem | -5/Hub_04(d) Scavenger-Golem | -4/Factory Golem | -4/Waste Golem | -4/Factory Scavenger-Golem | -4/Upper Caves Scavenger-Golem | -4/Upper Caves Scavenger-Golem | -4/Warlord Resources | -11 -10 -10 -8 -7 -7 -7 -7 -7 -6 -6 -6 -6 -6 -5 -5 -5 -5 -5 -5 -4 -4 -4 -4 -4 -4 ----------- Run | Yrd Mat Sub Mat Fac Low Low Zio Dee Pro Fac Low Low Dat Pro Fac Ext Cet Arc Hub Fac Was Fac Upp Upp War Matter Collected 8059 | 304 429 807 1120 380 60 10 70 964 50 594 86 64 . 198 181 108 138 149 734 561 183 280 275 164 150 Remotely 10 | . . . . . . . . . . . . . . . . . . . . . . . . 10 . Salvage Created 19791 | 52 734 638 1421 588 275 . . 1023 234 3035 45 542 . 485 364 1341 90 383 2305 3319 1640 492 168 566 51 Parts 870 | 6 50 35 67 24 2 . . 17 12 147 7 14 . 21 24 51 7 28 119 152 26 23 11 25 2 Haulers Intercepted 17 | . 2 . 5 6 . . . . . 2 . . . . . . . . . 1 . 1 . . . Recyclers Shooed 14 | . 2 . 7 2 . . . . . 1 . . . . . . . . . 2 . . . . . Parts Field Recycled . | . . . . . . . . . . . . . . . . . . . . . . . . . . Retrieved Matter . | . . . . . . . . . . . . . . . . . . . . . . . . . . Parts Self-Destructed 91 | . . 9 . . 7 3 . . 12 . 1 8 . 19 . . . . . . . . 7 25 . Prevented 13 | . . . . . 1 2 . . . . 2 6 . 2 . . . . . . . . . . . Kills | -11 -10 -10 -8 -7 -7 -7 -7 -7 -6 -6 -6 -6 -6 -5 -5 -5 -5 -5 -5 -4 -4 -4 -4 -4 -4 ------- Run | Yrd Mat Sub Mat Fac Low Low Zio Dee Pro Fac Low Low Dat Pro Fac Ext Cet Arc Hub Fac Was Fac Upp Upp War Combat Hostiles Destroyed 310 | . 16 20 24 1 . . . 43 3 42 1 6 . 17 5 18 . 1 31 52 6 9 6 8 1 Melee 1 | . . . 1 . . . . . . . . . . . . . . . . . . . . . . Guns 40 | . 13 2 6 1 . . . 5 . . . . . . . 1 . . 8 4 . . . . . Cannons 152 | . 3 9 3 . . . . 1 3 34 1 3 . 6 5 16 . 1 19 20 6 9 4 8 1 AOE 95 | . . 9 11 . . . . 34 . 5 . 1 . 11 . . . . . 22 . . 2 . . Classes Destroyed 30 | 1 8 3 3 1 1 . . 4 1 . 2 . . . . 1 . . 2 . 1 1 1 . . Worker 19 | . 1 . 4 1 . . . . . 6 . . . . . 1 . . 4 1 . 1 . . . Builder 12 | . 1 . 2 . . . . . . 4 . . . . . . . . 2 2 . 1 . . . Tunneler 7 | 3 1 . . . . . . . . . . . . . . 1 . . 1 1 . . . . . Hauler 17 | . 2 . 5 6 . . . . . 2 . . . . . . . . . 1 . 1 . . . Recycler 11 | . 2 . 4 3 . . . . . 1 . . . . . . . . . 1 . . . . . Minesweeper 1 | . . . . . 1 . . . . . . . . . . . . . . . . . . . . Mechanic 3 | . . . 1 . . . . . . 1 . . . . . . . . . 1 . . . . . Operator 18 | . 1 . 2 2 . . . . . . . . . . 3 . . 9 . 1 . . . . . Watcher 20 | . 2 . 4 1 . . . . . 4 . . . . 1 2 1 . 1 4 . . . . . Swarmer 51 | . 9 1 4 . . . . . . 6 . . . 10 . 1 . . 2 8 . 5 5 . . Grunt 94 | . 7 3 15 . . . . . 1 14 . 6 . 3 3 7 . . 7 22 . 1 . 5 . Brawler 4 | . . . . . . . . . . . . . . . . 2 . . . 2 . . . . . Duelist 9 | . . . 1 . . . . . 1 1 . . . 1 1 . . . . 3 . 1 . . . Protector 3 | . . . . . . . . . . . . . . . . . . . 2 1 . . . . . Sentry 20 | . . 1 2 . . . . . . 5 . . . 1 . 7 . 1 2 . . . . 1 . Demolisher 1 | . . . . . . . . . . . . . . . . . . . . . . 1 . . . Specialist 8 | . . . 2 . . . . . . 4 . . . . . . . . 2 . . . . . . Hunter 14 | . . . . . . . . . 1 6 . . . 2 1 . . . . 2 . . . 2 . Programmer 28 | . . . . 1 . . . . . 6 . . . . . . . . 6 13 . 1 . . 1 Heavy 2 | . . . . . . . . . . . . . . . . . . . 1 1 . . . . . Compactor 6 | . . . . . . . . . . . . . . . . . . . . . 6 . . . . Lightning 9 | . . . . . . . . . . . . . . . . . . . 9 . . . . . . Artisan 1 | . . 1 . . . . . . . . . . . . . . . . . . . . . . . Subdweller 15 | . . 15 . . . . . . . . . . . . . . . . . . . . . . . Z-Technician 5 | . . . . . . . . 5 . . . . . . . . . . . . . . . . . Z-Light 1 | . . . . . . . . 1 . . . . . . . . . . . . . . . . . Decomposer 1 | . . . . . 1 . . . . . . . . . . . . . . . . . . . . Samaritan 1 | . . . . . . . . . . . 1 . . . . . . . . . . . . . . Thief 1 | . . . . . . . . . . . 1 . . . . . . . . . . . . . . Assembler 2 | . . . . . . . . 2 . . . . . . . . . . . . . . . . . Assembled 38 | . . . . . . . . 38 . . . . . . . . . . . . . . . . . Golem 4 | . . . . . . . . 4 . . . . . . . . . . . . . . . . . Butcher 1 | . . . . . . . . . . . . . . . . 1 . . . . . . . . . Mutant 1 | . . . . . . . . . . . . . . . . . . . . . . . 1 . . Best Kill Streak 36 | 3 6 6 8 4 1 . . 36 2 8 1 3 . 7 4 6 1 3 9 22 2 9 5 3 1 Combat Bots Only 34 | . 6 6 6 1 . . . 34 2 6 1 3 . 7 4 6 . 1 6 18 2 6 5 3 1 Max Kills in Single Turn 14 | 1 2 2 3 1 1 . . 14 1 3 1 1 . 3 1 2 1 2 2 4 1 2 1 1 1 Gunslinging 1 | . 1 . . . . . . . . . . . . . . . . . . . . . . . . Exploded 14 | . . 2 3 . . . . 14 . 2 . 1 . 3 . . . . . 3 . . 1 . . Melee 1 | . . . 1 . . . . . . . . . . . . . . . . . . . . . . Uniques/NPCs Destroyed 2 | . . . . . . . . 1 . . . . . . . . 1 . . . . . . . . Z-Imprinter (-7/Deep Caves) A7 (-5/Cetus) Combat | -11 -10 -10 -8 -7 -7 -7 -7 -7 -6 -6 -6 -6 -6 -5 -5 -5 -5 -5 -5 -4 -4 -4 -4 -4 -4 -------- Run | Yrd Mat Sub Mat Fac Low Low Zio Dee Pro Fac Low Low Dat Pro Fac Ext Cet Arc Hub Fac Was Fac Upp Upp War Hostile Shots Fired 2430 | . 68 93 219 40 . 6 . 122 12 479 1 23 . 72 17 56 10 3 262 332 2 171 40 56 346 Missed 815 | . 17 33 73 26 . 4 . 46 1 139 . 11 . 20 4 18 2 . 58 125 1 68 8 15 146 Damage Taken 26028 | . 548 1519 2161 196 . 31 . 2270 196 3887 10 97 . 536 148 693 184 45 2709 4313 44 1911 261 319 3950 Core 2568 | . 35 200 256 101 . . . 295 13 261 . 8 . 70 29 45 . . 75 383 . 88 17 30 662 Absorbed by Shields 2428 | . . . . . . . . . . 479 11 102 . 249 37 180 65 17 380 . . . 119 346 443 Reduced by Siege Mode 112 | . . . . . . . . . . . . . . . . . 7 . 57 35 . . 2 11 . Redirected to Shielding 390 | . . . . . . . . 343 . . . . . . . . . . . 47 . . . . . Ignored by Resistances 6486 | . . . . . . . . . . 1136 4 39 . 171 37 178 51 13 2989 688 8 418 64 136 554 Regen/Repaired (Parts) 642 | . . . . . . . . . . 184 . . . . . 297 . . . . 107 . . . 54 Core Remaining (%) 57 | 100 . 6 53 . . . . . 41 . . . . 60 . . . . 85 . . . . . . Volleys Fired 1024 | 8 59 64 112 11 . . . 76 21 145 3 15 . 30 26 42 18 17 154 121 37 24 16 21 4 Largest 4 | 2 2 4 4 2 . . . 2 2 2 2 2 . 2 2 2 2 2 2 2 2 2 2 2 2 Hottest 240 | 60 100 227 227 126 . . . 133 50 50 50 50 . 50 50 58 50 50 240 105 50 50 120 50 50 Shots Fired 1741 | 16 113 113 162 22 . . . 127 42 251 6 26 . 45 43 82 35 34 260 174 65 48 28 42 7 Gun 434 | 16 97 20 105 22 . . . 46 . . . . . . . 2 . . 107 19 . . . . . Cannon 1185 | . 11 78 36 . . . . 66 42 232 6 22 . 38 43 80 35 34 147 127 65 48 26 42 7 Launcher 116 | . . 15 20 . . . . 15 . 19 . 4 . 7 . . . . 6 28 . . 2 . . Special 6 | . 5 . 1 . . . . . . . . . . . . . . . . . . . . . . Kinetic 299 | 8 96 48 27 20 . . . 8 . . . . . . . 2 . . 90 . . . . . . Thermal 1283 | 8 17 65 111 2 . . . 54 42 232 6 22 . 38 43 80 35 34 164 142 65 48 26 42 7 Explosive 53 | . . . 19 . . . . 15 . . . . . 7 . . . . . 10 . . 2 . . Electromagnetic 82 | . . . 5 . . . . 26 . 19 . 4 . . . . . . 6 22 . . . . . Phasic 24 | . . . . . . . . 24 . . . . . . . . . . . . . . . . . Robot Hit Streak 31 | 5 9 11 8 12 . . . 12 7 31 12 8 . 10 14 18 15 23 27 15 17 17 9 8 7 Robot Miss Streak 4 | 1 2 3 4 1 . . . 3 2 4 1 2 . 2 1 3 1 1 4 3 2 2 1 1 1 Penetration Max 1 | . . . . . . . . . . . . . . . . . . . 1 . . . . . . Secondary Targets 3 | . 3 . . . . . . . . . . . . . . . . . . . . . . . . Max Gunslinging Chain 1 | . 1 . . . . . . . . . . . . . . . . . . . . . . . . Shots Hit Robots 1163 | 10 66 73 110 34 8 . 3 73 12 171 4 18 . 32 22 60 26 24 171 117 51 33 13 30 2 Core Hits 667 | 3 35 32 71 11 4 . . 87 4 86 2 11 . 25 12 30 8 14 79 106 13 12 7 14 1 Critical Kills 7 | . . 1 1 . . . . 1 . . . . . . . . . . 4 . . . . . . Critical Parts Destroyed 7 | . . 1 1 2 . . . . . . . . . . . . . . 3 . . . . . . Critical Strikes 25 | . . 2 8 5 . . . 3 . . . . . . . . . . 7 . . . . . . Burn 4 | . . . 4 . . . . . . . . . . . . . . . . . . . . . . Destroy 10 | . . 2 . . . . . 1 . . . . . . . . . . 7 . . . . . . Blast 2 | . . . 2 . . . . . . . . . . . . . . . . . . . . . . Corrupt 1 | . . . . . . . . 1 . . . . . . . . . . . . . . . . . Smash 4 | . . . 2 2 . . . . . . . . . . . . . . . . . . . . . Impale 3 | . . . . 3 . . . . . . . . . . . . . . . . . . . . . Intensify 1 | . . . . . . . . 1 . . . . . . . . . . . . . . . . . Melee Attacks 81 | . . . 25 25 11 17 3 . . . . . . . . . . . . . . . . . . Impact 35 | . . . 25 10 . . . . . . . . . . . . . . . . . . . . . Slashing . | . . . . . . . . . . . . . . . . . . . . . . . . . . Piercing 43 | . . . . 15 11 17 . . . . . . . . . . . . . . . . . . . Sneak Attacks 19 | . . . 5 9 2 . 3 . . . . . . . . . . . . . . . . . . Combat Hostiles . | . . . . . . . . . . . . . . . . . . . . . . . . . . Follow-up Attacks . | . . . . . . . . . . . . . . . . . . . . . . . . . . Damage Inflicted 59087 | 112 930 2667 4088 1337 463 . . 5415 557 9656 190 1012 . 2532 1012 2823 1295 1138 7279 10189 2548 1626 768 1297 153 Guns 5693 | 112 762 126 1128 351 . . . 763 . . . . . . . 44 . . 2005 402 . . . . . Cannons 34175 | . 144 940 483 . . . . 1285 557 7646 190 677 . 1242 1012 2769 1295 1138 4379 4290 2548 1611 519 1297 153 Explosions 16611 | . . 1601 1547 . . . . 3367 . 1845 . 335 . 1290 . . . . 880 5497 . . 249 . . Melee 2374 | . . . 925 986 463 . . . . . . . . . . . . . . . . . . . . Ramming 210 | . . . 5 . . . . . . 165 . . . . . 10 . . 15 . . 15 . . . Kinetic 5107 | 35 752 1848 461 316 . . . 68 . . . . . . . 44 . . 1583 . . . . . . Thermal 37443 | 77 178 819 1158 35 . . . 1257 557 8099 190 677 . 1242 1012 2769 1295 1138 4888 5924 2548 1611 519 1297 153 Explosive 8362 | . . . 1409 . . . . 3294 . . . . . 1290 . . . . . 2120 . . 249 . . Electromagnetic 5162 | . . . 130 . . . . 367 . 1392 . 335 . . . . . . 793 2145 . . . . . Impact 1394 | . . . 925 469 . . . . . . . . . . . . . . . . . . . . . Slashing . | . . . . . . . . . . . . . . . . . . . . . . . . . . Piercing 980 | . . . . 517 463 . . . . . . . . . . . . . . . . . . . . Phasic 429 | . . . . . . . . 429 . . . . . . . . . . . . . . . . . Highest Corruption 24 | . 3 3 . . . . . . . 1 1 1 1 6 . . 1 7 23 19 24 24 24 24 24 Average Corruption 7 | . 2 3 . . . . . . . 1 1 1 1 1 . . 1 2 17 11 22 24 24 24 13 Corruption Purged 8 | . . . . . . . . . . . . . . . . . . 8 . . . . . . . Corruption Blocked . | . . . . . . . . . . . . . . . . . . . . . . . . . . Effects 484 | . 17 116 . . . . . . . 11 6 9 5 10 . . 2 4 46 42 74 30 61 45 6 Message Errors 100 | . 4 24 . . . . . . . 2 1 3 3 3 . . . . 8 7 15 7 17 6 . Matter Fused 119 | . 3 28 . . . . . . . 3 1 1 . 3 . . 1 3 11 8 21 6 17 11 2 Heat Flow Errors 50 | . 2 8 . . . . . . . 1 2 . 1 1 . . 1 . 5 5 9 1 6 8 . Energy Discharges 68 | . 4 17 . . . . . . . 3 1 3 . . . . . . 5 6 8 7 7 7 . Parts Rejected 6 | . . . . . . . . . . . . . . . . . . . 1 1 1 . . 2 1 Parts Fused 10 | . 1 6 . . . . . . . . . 1 . 1 . . . . . . . . 1 . . Data Loss (minor) 64 | . 1 21 . . . . . . . . 1 . 1 2 . . . . 7 5 8 6 4 5 3 Data Loss (major) 17 | . . 4 . . . . . . . 1 . . . . . . . 1 1 1 3 1 4 1 . Misfires 25 | . 1 5 . . . . . . . 1 . . . . . . . . 2 1 7 1 5 2 . Alerts 9 | . . 3 . . . . . . . . . 1 . . . . . . 2 1 1 . . 1 . Misdirections 2 | . . . . . . . . . . . . . . . . . . . 1 . . 1 . . . Weapon Failures 14 | . 1 . . . . . . . . . . . . . . . . . 3 7 1 . . 2 . Overload Shots 1 | . . . . . . . . . . . . . . . . . . . 1 . . . . . . Overflow Damage 3165 | . . 24 377 349 138 . . 312 62 476 53 50 . 90 71 13 39 91 204 499 . 149 104 62 2 Projectiles 1670 | . . . . . . . . 217 62 453 53 50 . 32 71 13 39 91 204 131 . 149 41 62 2 Explosions 614 | . . 24 6 . . . . 95 . . . . . 58 . . . . . 368 . . 63 . . Melee 881 | . . . 371 349 138 . . . . 23 . . . . . . . . . . . . . . . Knockbacks 7 | . . . 3 1 . . . . . 2 . . . . . . . . . . . 1 . . . Impact 6 | . . . 2 1 . . . . . 2 . . . . . . . . . . . 1 . . . Kinetic 1 | . . . 1 . . . . . . . . . . . . . . . . . . . . . . Secondary . | . . . . . . . . . . . . . . . . . . . . . . . . . . Self-Inflicted Damage 681 | . . 101 15 . . . . 102 . 148 . . . . . . . . 194 121 . . . . . Shots 26 | . . 4 1 . . . . 2 . 9 . . . . . . . . 6 4 . . . . . Rammed 5 | . . . 3 . . . . . . . . . . . . . . . . . . 2 . . . Targets Rammed 14 | . . . 3 . . . . . . 6 . . . . . 1 . . 2 . . 2 . . . Kicked 9 | . . . . . . . . . . 6 . . . . . 1 . . 2 . . . . . . Crushed . | . . . . . . . . . . . . . . . . . . . . . . . . . . Highest Temperature 444 | . 254 217 444 87 . . . 197 . 141 270 14 89 214 9 4 89 . 340 199 195 208 279 250 236 Average Temperature 88 | . 46 51 142 42 . . . 74 . 31 123 7 53 118 9 4 38 . 109 60 81 52 117 111 140 Received Heat Transfer 3967 | . 141 240 603 27 . 18 . 297 27 672 . 69 . 36 47 139 9 6 356 623 . 243 . 56 358 Effects 5 | . . . 4 . . . . . . . . . . . . . . . . . . . . . 1 Energy Bleed 2 | . . . 2 . . . . . . . . . . . . . . . . . . . . . . Interference 1 | . . . . . . . . . . . . . . . . . . . . . . . . . 1 Short Circuit 1 | . . . 1 . . . . . . . . . . . . . . . . . . . . . . Damage (minor) 1 | . . . 1 . . . . . . . . . . . . . . . . . . . . . . Siege Activations 15 | . . . . . . . . . . . . . . . . . 1 . 8 2 . 1 1 2 . Total Turns 418 | . . . . . . . . . . . . . . . . . 11 . 265 73 . 14 8 47 . Longest Duration 65 | . . . . . . . . . . . . . . . . . 11 . 64 65 . 14 8 24 . Robots Corrupted 27 | . . . 5 2 . . . 3 . 4 . 2 . . . . . . 4 7 . . . . . Combat Hostiles 19 | . . . 1 . . . . 3 . 3 . 2 . . . . . . 4 6 . . . . . Parts Fried 45 | . . . 5 1 . . . . . 18 . 3 . . . . . . 11 7 . . . . . Impact Corruptions 24 | . . . 13 9 . . . . . 2 . . . . . . . . . . . . . . . Robots Melted 3 | . . . 2 . . . . . . . . . . . . 1 . . . . . . . . . Combat Hostiles 3 | . . . 2 . . . . . . . . . . . . 1 . . . . . . . . . Parts Melted 36 | . 1 4 5 . . . . . 1 4 . . . 3 1 4 . 2 1 8 . 1 . 1 . Heat Transferred 24923 | 175 371 1517 3010 74 . . . 934 300 4407 100 375 . 725 550 1550 622 625 2687 3541 1350 850 360 725 75 Parts Sabotaged 5 | . . . . . . . . . . 1 . . . . . . . . . 2 . . . . 2 Parts Stolen . | . . . . . . . . . . . . . . . . . . . . . . . . . . Parts Stripped . | . . . . . . . . . . . . . . . . . . . . . . . . . . Power Chain Reactions 6 | . . . . . . . . 1 . 3 . . . . . . . . 2 . . . . . . Alert | -11 -10 -10 -8 -7 -7 -7 -7 -7 -6 -6 -6 -6 -6 -5 -5 -5 -5 -5 -5 -4 -4 -4 -4 -4 -4 ------- Run | Yrd Mat Sub Mat Fac Low Low Zio Dee Pro Fac Low Low Dat Pro Fac Ext Cet Arc Hub Fac Was Fac Upp Upp War Peak Influence 1820 | 15 285 . 457 364 . . . . . 1147 . . . . 169 661 580 502 1820 1652 579 721 . . . Initial 891 | . 9 . 11 147 . . . . . 31 . . . . . 4 369 214 65 891 548 84 . . . Average 437 | 4 133 . 168 229 . . . . . 410 . . . . 45 239 541 338 814 1201 329 439 . . . Maximum Alert Level 5 | . 1 . 2 1 . . . . . 4 . . . . . 2 2 2 5 5 2 3 . . . Low Security (%) 37 | 100 62 . 62 40 . . . . . 50 . . . . 100 45 . 21 4 . 23 22 . . . Level 1 23 | . 37 . 33 59 . . . . . 8 . . . . . 40 4 44 14 . 50 9 . . . Level 2 19 | . . . 4 . . . . . . 9 . . . . . 14 95 34 38 . 25 60 . . . Level 3 9 | . . . . . . . . . . 20 . . . . . . . . 13 37 . 8 . . . Level 4 9 | . . . . . . . . . . 10 . . . . . . . . 18 55 . . . . . Level 5 1 | . . . . . . . . . . . . . . . . . . . 10 6 . . . . . High Security . | . . . . . . . . . . . . . . . . . . . . . . . . . . Max Security . | . . . . . . . . . . . . . . . . . . . . . . . . . . Squads Dispatched 58 | . 3 . 4 2 . . . . . 15 . . . . 2 1 . . 11 12 . 8 . . . Investigation 5 | . 2 . 1 . . . . . . . . . . . 1 . . . . . . 1 . . . Extermination 16 | . . . . 1 . . . . . 5 . . . . 1 . . . 4 4 . 1 . . . Reinforcement 19 | . 1 . 3 1 . . . . . 6 . . . . . 1 . . 2 3 . 2 . . . Assault 10 | . . . . . . . . . . . . . . . . . . . 4 5 . 1 . . . Garrison 8 | . . . . . . . . . . 4 . . . . . . . . 1 . . 3 . . . Intercept . | . . . . . . . . . . . . . . . . . . . . . . . . . . Searches Triggered . | . . . . . . . . . . . . . . . . . . . . . . . . . . Data Miner Redirects 6 | . . . . . . . . . . . . . . . . . . . 4 2 . . . . . Construction Impeded 5 | . . . . . . . . . . 3 . . . . . 1 . . . . . 1 . . . Haulers Reinforced 2 | . . . . . . . . . . . . . . . . . . . . 1 . 1 . . . Active Scanning Responses . | . . . . . . . . . . . . . . . . . . . . . . . . . . Cargo Convoy Interrupts 1 | . . . . . . . . . . 1 . . . . . . . . . . . . . . . Stealth | -11 -10 -10 -8 -7 -7 -7 -7 -7 -6 -6 -6 -6 -6 -5 -5 -5 -5 -5 -5 -4 -4 -4 -4 -4 -4 --------- Run | Yrd Mat Sub Mat Fac Low Low Zio Dee Pro Fac Low Low Dat Pro Fac Ext Cet Arc Hub Fac Was Fac Upp Upp War Distress Signals 18 | . 1 . 5 2 . . . . . 1 . . . . . . 2 . 1 2 . 3 . . 1 Communications Jammed 17 | . . . . . . . . . . . . . . . . . . . . 17 . . . . . Distress Signals 15 | . . . . . . . . . . . . . . . . . . . . 15 . . . . . Times Spotted 538 | . 24 21 46 24 1 10 . 57 3 69 1 6 . 17 10 30 10 10 56 70 6 21 8 8 30 Peak Tracking Total 37 | . 6 4 5 8 . 4 . 37 2 14 1 3 . 7 4 5 5 1 6 10 3 10 5 3 20 Tactical Retreats 29 | . . . 2 4 . 6 . 2 . 5 . 1 . 1 . . . . 1 3 . 2 1 . 1 Traps | -11 -10 -10 -8 -7 -7 -7 -7 -7 -6 -6 -6 -6 -6 -5 -5 -5 -5 -5 -5 -4 -4 -4 -4 -4 -4 ------- Run | Yrd Mat Sub Mat Fac Low Low Zio Dee Pro Fac Low Low Dat Pro Fac Ext Cet Arc Hub Fac Was Fac Upp Upp War Traps Triggered 14 | . 2 . . . . . . . . 1 . . . . . 2 . . 4 2 . . 2 . 1 Indirectly 2 | . . . . . . . . . . . . . . . . . . . 1 1 . . . . . Trap Hack Attempts . | . . . . . . . . . . . . . . . . . . . . . . . . . . Triggered . | . . . . . . . . . . . . . . . . . . . . . . . . . . Disarmed 7 | . 7 . . . . . . . . . . . . . . . . . . . . . . . . Reprogrammed 6 | . . . . . . . . . . . . . . . . 6 . . . . . . . . . Reused . | . . . . . . . . . . . . . . . . . . . . . . . . . . Traps Extracted . | . . . . . . . . . . . . . . . . . . . . . . . . . . Installed . | . . . . . . . . . . . . . . . . . . . . . . . . . . Triggered 20 | . . 1 . . 1 2 . . . . 1 . . 5 . . . . 1 . . . . . 9 Machines | -11 -10 -10 -8 -7 -7 -7 -7 -7 -6 -6 -6 -6 -6 -5 -5 -5 -5 -5 -5 -4 -4 -4 -4 -4 -4 ---------- Run | Yrd Mat Sub Mat Fac Low Low Zio Dee Pro Fac Low Low Dat Pro Fac Ext Cet Arc Hub Fac Was Fac Upp Upp War Machines Disabled 63 | . . 1 6 . . . 3 3 . 8 . . . . 1 3 1 3 17 15 . 1 1 . . Max in Single Turn 6 | . . 1 1 . . . 1 1 . 3 . . . . 1 1 1 . 5 6 . . 1 . . Network Hub 4 | . . . . . . . . . . . . . . . . . . . 4 . . . . . . Machines Repaired . | . . . . . . . . . . . . . . . . . . . . . . . . . . Machines Dismantled 3 | . . . . . . . 3 . . . . . . . . . . . . . . . . . . Machines Sabotaged . | . . . . . . . . . . . . . . . . . . . . . . . . . . Overloaded Fab Kills . | . . . . . . . . . . . . . . . . . . . . . . . . . . Hacking | -11 -10 -10 -8 -7 -7 -7 -7 -7 -6 -6 -6 -6 -6 -5 -5 -5 -5 -5 -5 -4 -4 -4 -4 -4 -4 --------- Run | Yrd Mat Sub Mat Fac Low Low Zio Dee Pro Fac Low Low Dat Pro Fac Ext Cet Arc Hub Fac Was Fac Upp Upp War Machines Accessed 67 | . 9 1 8 4 2 . 1 . . 7 3 1 4 . 9 9 . . 2 5 . . 1 . 1 Terminals 39 | . 7 . 6 1 . . . . . 4 . . . . 7 7 . . 2 5 . . . . . Fabricators 3 | . . . . 2 . . . . . 1 . . . . . . . . . . . . . . . Repair Stations 4 | . . . 1 . . . . . . 1 . . . . 1 1 . . . . . . . . . Recycling Units 5 | . 2 . . 1 . . . . . . . . . . 1 1 . . . . . . . . . Scanalyzers 1 | . . . 1 . . . . . . . . . . . . . . . . . . . . . . Garrison Access 1 | . . . . . . . . . . 1 . . . . . . . . . . . . . . . Total Hacks 258 | . 39 1 43 6 6 . 6 . . 18 7 1 25 . 40 23 . . 6 35 . . 1 . 1 Successful 162 | . 22 1 27 3 6 . 6 . . 8 7 1 25 . 21 13 . . 2 18 . . 1 . 1 Failed 95 | . 17 . 16 3 . . . . . 10 . . . . 18 10 . . 4 17 . . . . . Catastrophic 16 | . 2 . 1 1 . . . . . 3 . . . . 1 3 . . . 5 . . . . . Database Lockouts 1 | . . . . . . . . . . . . . . . 1 . . . . . . . . . . Manual 96 | . 26 . 16 . . . 1 . . 7 . . . . 23 11 1 . 4 6 . . . . 1 Terminals 165 | . 33 . 33 1 . . . . . 9 . . . . 32 16 . . 6 35 . . . . . Fabricators 7 | . . . . 3 . . . . . 4 . . . . . . . . . . . . . . . Repair Stations 11 | . . . 4 . . . . . . 2 . . . . 3 2 . . . . . . . . . Recycling Units 18 | . 6 . . 2 . . . . . . . . . . 5 5 . . . . . . . . . Scanalyzers 6 | . . . 6 . . . . . . . . . . . . . . . . . . . . . . Garrison Access 3 | . . . . . . . . . . 3 . . . . . . . . . . . . . . . Terminal Hacks 110 | . 11 1 12 1 6 . 6 . . 2 7 1 25 . 13 4 . . 2 17 . . 1 . 1 Record 22 | . . . . 1 5 . . . . . 5 . 11 . . . . . . . . . . . . Part Schematic 20 | . 1 . 2 . . . 6 . . . . . 8 . 2 . . . . 1 . . . . . Robot Schematic 3 | . . . . . . . . . . . . . 3 . . . . . . . . . . . . Robot Analysis 4 | . 3 . 1 . . . . . . . . . . . . . . . . . . . . . . Prototype ID Bank 7 | . 1 . 1 . . . . . . . . . 3 . 2 . . . . . . . . . . Open Door 6 | . . . . . 1 . . . . . 2 1 . . . . . . . . . . 1 . 1 Branch Access Points 3 | . . . . . . . . . . 1 . . . . 1 . . . . 1 . . . . . Emergency Access Points 2 | . . . . . . . . . . . . . . . 1 . . . . 1 . . . . . Machine Index 1 | . . . . . . . . . . . . . . . . . . . . 1 . . . . . Terminal Index 2 | . . . . . . . . . . . . . . . 1 . . . . 1 . . . . . Fabricator Index 1 | . . . . . . . . . . . . . . . 1 . . . . . . . . . . Recycling Unit Index 1 | . 1 . . . . . . . . . . . . . . . . . . . . . . . . Alert Level 4 | . . . 1 . . . . . . . . . . . . . . . 1 2 . . . . . Unreport Threat 8 | . . . 2 . . . . . . . . . . . . . . . 1 5 . . . . . Locate Traps 9 | . 2 . 2 . . . . . . . . . . . . 3 . . . 2 . . . . . Disarm Traps 2 | . 2 . . . . . . . . . . . . . . . . . . . . . . . . Reprogram Traps 1 | . . . . . . . . . . . . . . . . 1 . . . . . . . . . Patrol Status 1 | . . . . . . . . . . . . . . . 1 . . . . . . . . . . Recall Reinforcements 1 | . . . 1 . . . . . . . . . . . . . . . . . . . . . . Recall Assault 1 | . . . . . . . . . . . . . . . . . . . . 1 . . . . . Hauler Manifests 5 | . . . 2 . . . . . . 1 . . . . 1 . . . . 1 . . . . . Registered Components 2 | . . . . . . . . . . . . . . . 1 . . . . 1 . . . . . Zone Layout 3 | . 1 . . . . . . . . . . . . . 2 . . . . . . . . . . Derelict Proto ID Bank 1 | . . 1 . . . . . . . . . . . . . . . . . . . . . . . Fabricator Hacks 2 | . . . . 1 . . . . . 1 . . . . . . . . . . . . . . . Network Status 2 | . . . . 1 . . . . . 1 . . . . . . . . . . . . . . . Repair Station Hacks 7 | . . . 2 . . . . . . 2 . . . . 1 2 . . . . . . . . . Scan Component 4 | . . . 1 . . . . . . 1 . . . . 1 1 . . . . . . . . . Repair 2 | . . . . . . . . . . 1 . . . . . 1 . . . . . . . . . Refit 1 | . . . 1 . . . . . . . . . . . . . . . . . . . . . . Recycling Unit Hacks 5 | . 2 . . 1 . . . . . . . . . . . 2 . . . . . . . . . Retrieve Matter 1 | . . . . . . . . . . . . . . . . 1 . . . . . . . . . Retrieve Components 4 | . 2 . . 1 . . . . . . . . . . . 1 . . . . . . . . . Scanalyzer 6 | . . . 6 . . . . . . . . . . . . . . . . . . . . . . Insert Component 2 | . . . 2 . . . . . . . . . . . . . . . . . . . . . . Analyze 4 | . . . 4 . . . . . . . . . . . . . . . . . . . . . . Garrison Access Hacks . | . . . . . . . . . . . . . . . . . . . . . . . . . . Unauthorized Hacks 32 | . 9 . 7 . . . . . . 3 . . . . 7 5 . . . 1 . . . . . Terminals 24 | . 7 . 7 . . . . . . 3 . . . . 4 2 . . . 1 . . . . . Botnet 11 | . 2 . 2 . . . . . . 1 . . . . 3 2 . . . 1 . . . . . Operators 1 | . . . . . . . . . . 1 . . . . . . . . . . . . . . . Skim 12 | . 5 . 5 . . . . . . 1 . . . . 1 . . . . . . . . . . Fabricators . | . . . . . . . . . . . . . . . . . . . . . . . . . . Repair Stations . | . . . . . . . . . . . . . . . . . . . . . . . . . . Recycling Units 8 | . 2 . . . . . . . . . . . . . 3 3 . . . . . . . . . Reject 2 | . . . . . . . . . . . . . . . 1 1 . . . . . . . . . Recyclers 2 | . . . . . . . . . . . . . . . 1 1 . . . . . . . . . Mask 2 | . . . . . . . . . . . . . . . 1 1 . . . . . . . . . Tunnel 2 | . 2 . . . . . . . . . . . . . . . . . . . . . . . . Scanalyzers . | . . . . . . . . . . . . . . . . . . . . . . . . . . Garrison Access . | . . . . . . . . . . . . . . . . . . . . . . . . . . Data Cores Recovered 6 | . . . 1 1 . . . . . . . . . . 3 . . . . 1 . . . . . Used 1 | . . . . 1 . . . . . . . . . . . . . . . . . . . . . Hacking Detections 41 | . 7 . 8 2 . . . . . 3 . . . . 9 6 . . 2 4 . . . . . Full Trace Events 4 | . 1 . 2 . . . . . . . . . . . 1 . . . . . . . . . . Feedback Events . | . . . . . . . . . . . . . . . . . . . . . . . . . . Feedback Blocked . | . . . . . . . . . . . . . . . . . . . . . . . . . . Robot Schematics Acquired 3 | . . . . . . . . . . . . . 3 . . . . . . . . . . . . Robots Built . | . . . . . . . . . . . . . . . . . . . . . . . . . . Authchips . | . . . . . . . . . . . . . . . . . . . . . . . . . . Time . | . . . . . . . . . . . . . . . . . . . . . . . . . . Total Robot Build Rating . | . . . . . . . . . . . . . . . . . . . . . . . . . . Part Schematics Acquired 22 | . 1 . 4 . . . 6 . . . . . 8 . 2 . . . . 1 . . . . . Parts Built . | . . . . . . . . . . . . . . . . . . . . . . . . . . Authchips . | . . . . . . . . . . . . . . . . . . . . . . . . . . Time . | . . . . . . . . . . . . . . . . . . . . . . . . . . Total Part Build Rating . | . . . . . . . . . . . . . . . . . . . . . . . . . . Parts Repaired 2 | . . . . . . . . . . 1 . . . . . 1 . . . . . . . . . Time 100 | . . . . . . . . . . 50 . . . . . 50 . . . . . . . . . Parts Recycled . | . . . . . . . . . . . . . . . . . . . . . . . . . . Recycled Matter . | . . . . . . . . . . . . . . . . . . . . . . . . . . Retrieved Matter . | . . . . . . . . . . . . . . . . . . . . . . . . . . Retrieved Components 15 | . 10 . . 3 . . . . . . . . . . . 2 . . . . . . . . . Parts Scanalyzed 2 | . . . 2 . . . . . . . . . . . . . . . . . . . . . . Part Schematics Acquired 2 | . . . 2 . . . . . . . . . . . . . . . . . . . . . . Parts Damaged 1 | . . . 1 . . . . . . . . . . . . . . . . . . . . . . Bothacking | -11 -10 -10 -8 -7 -7 -7 -7 -7 -6 -6 -6 -6 -6 -5 -5 -5 -5 -5 -5 -4 -4 -4 -4 -4 -4 ------------ Run | Yrd Mat Sub Mat Fac Low Low Zio Dee Pro Fac Low Low Dat Pro Fac Ext Cet Arc Hub Fac Was Fac Upp Upp War Used RIF Installer . | . . . . . . . . . . . . . . . . . . . . . . . . . . Robots Hacked 3 | . . . . . . . 3 . . . . . . . . . . . . . . . . . . Non-combat . | . . . . . . . . . . . . . . . . . . . . . . . . . . Combat 3 | . . . . . . . 3 . . . . . . . . . . . . . . . . . . Robot Hacks Applied 3 | . . . . . . . 3 . . . . . . . . . . . . . . . . . . parse_system 3 | . . . . . . . 3 . . . . . . . . . . . . . . . . . . Relay Couplers Released . | . . . . . . . . . . . . . . . . . . . . . . . . . . Fabnet Peak Effective % . | . . . . . . . . . . . . . . . . . . . . . . . . . . Robots Rewired 13 | . . . . . . . . . . . . . . . . 13 . . . . . . . . . Allies Hacked 4 | . . . . . . . . . . . . . . . . . . . . . . 4 . . . Hacks Repelled . | . . . . . . . . . . . . . . . . . . . . . . . . . . Allies | -11 -10 -10 -8 -7 -7 -7 -7 -7 -6 -6 -6 -6 -6 -5 -5 -5 -5 -5 -5 -4 -4 -4 -4 -4 -4 -------- Run | Yrd Mat Sub Mat Fac Low Low Zio Dee Pro Fac Low Low Dat Pro Fac Ext Cet Arc Hub Fac Was Fac Upp Upp War Total Allies 48 | . . . . . 2 . 2 . . . . . . . . 20 5 . . . 19 . . . . Largest Group 19 | . . . . . 2 2 2 2 . . . . . . . 17 19 6 6 . 19 19 . . . Highest-Rated Group 1035 | . . . . . 40 40 192 192 . . . . . . . 638 1035 443 443 . 684 684 . . . Highest-Rated Ally 159 | . . . . . 20 20 96 96 . . . . . . . 159 159 96 96 . 50 50 . . . Total Orders 4 | . . . . . . . . . . . . . . . . . 1 2 . . . . . 1 . STAY 2 | . . . . . . . . . . . . . . . . . 1 1 . . . . . . . FOLLOW 1 | . . . . . . . . . . . . . . . . . . 1 . . . . . . . EXPLORE 1 | . . . . . . . . . . . . . . . . . . . . . . . . 1 . Ally Attacks 475 | . . . . . 4 . . 58 . . . . . . . 106 44 41 81 . . 141 . . . Total Damage 13108 | . . . . . 157 . . 1894 . . . . . . . 2626 1123 1349 2565 . . 3394 . . . Kills 78 | . . . . . 2 . . 15 . . . . . . . 15 9 4 15 . . 18 . . . Allies Corrupted 2 | . . . . . . . . . . . . . . . . . . . . . . 2 . . . Allies Melted . | . . . . . . . . . . . . . . . . . . . . . . . . . . Intel | -11 -10 -10 -8 -7 -7 -7 -7 -7 -6 -6 -6 -6 -6 -5 -5 -5 -5 -5 -5 -4 -4 -4 -4 -4 -4 ------- Run | Yrd Mat Sub Mat Fac Low Low Zio Dee Pro Fac Low Low Dat Pro Fac Ext Cet Arc Hub Fac Was Fac Upp Upp War Robot Analysis Total 4 | . 3 . 1 . . . . . . . . . . . . . . . . . . . . . . Derelict Logs Recovered 11 | . . 2 . . 1 2 . . 1 . . . . 2 . . . . . . . . 1 2 . Drone Launches 2 | . . . . . . . . . . . . . . . . . . . . . . . . 2 . Drone Recoveries 2 | . . . . . . . . . . . . . . . . . . . . . . . . 2 . Exploration | -11 -10 -10 -8 -7 -7 -7 -7 -7 -6 -6 -6 -6 -6 -5 -5 -5 -5 -5 -5 -4 -4 -4 -4 -4 -4 ------------- Run | Yrd Mat Sub Mat Fac Low Low Zio Dee Pro Fac Low Low Dat Pro Fac Ext Cet Arc Hub Fac Was Fac Upp Upp War Turns Passed 40913 | 143 1558 6868 1895 475 294 214 857 5830 648 3656 1210 666 530 1716 879 2088 715 1017 2677 1546 1573 709 1330 907 912 Spaces Moved 17559 | 67 797 1750 775 902 622 564 1364 2570 309 1564 448 329 85 520 388 856 254 255 979 413 467 253 342 316 370 Core 34 | 2 . . 32 . . . . . . . . . . . . . . . . . . . . . . Treads 2574 | 65 797 1162 393 . . . . . . . . . . . . 1 8 24 42 45 33 . . . 4 Legs 10247 | . . . . . . . . 2256 309 1564 448 329 85 520 388 855 246 231 937 368 434 253 342 316 366 Wheels 1351 | . . 588 64 . . . 391 308 . . . . . . . . . . . . . . . . . Hover 26 | . . . 20 . . . . 6 . . . . . . . . . . . . . . . . . Flight 3327 | . . . 266 902 622 564 973 . . . . . . . . . . . . . . . . . . Fastest Speed 14 | 50 160 160 26 14 26 26 26 120 183 183 185 185 185 185 185 185 210 150 210 210 210 180 180 210 210 Average Speed 182 | 156 162 373 155 25 26 26 53 176 183 195 185 185 185 207 185 206 212 232 214 233 243 238 238 239 233 Slowest Speed 4800 | 160 240 1460 4800 26 91 26 145 425 183 242 242 185 185 226 226 560 320 320 300 650 320 240 240 240 270 Overloaded Moves 17 | . . . . 17 . . . . . . . . . . . . . . . . . . . . . Propulsion Burnouts . | . . . . . . . . . . . . . . . . . . . . . . . . . . Robots Hopped 18 | . . . . 18 . . . . . . . . . . . . . . . . . . . . . Cave-ins Triggered . | . . . . . . . . . . . . . . . . . . . . . . . . . . Exploration Rate (%) 59 | 5 94 84 63 25 58 75 88 94 47 42 55 43 70 76 12 86 71 82 79 17 96 10 49 61 57 Regions Visited 25 Branch Regions 17 Pre-discovered Areas 13 | . 3 2 1 . . . 4 . . . 1 . 1 1 . . . . . . . . . . . Known Exits Taken 10 | . 1 . . 1 1 1 1 . 1 1 . . . 1 1 . . . . . . 1 . . . Unknown Exits Taken 13 | 1 . 1 1 . . . . 1 . . 1 1 1 . . 1 1 1 1 . . . 1 1 . Scrap Searched 43 | . . 12 . . 4 10 2 . 2 . 4 3 . 2 . . . . . . . . 2 2 . Spaces Dug 116 | . 2 . 6 5 2 13 . 4 12 11 . . . 14 9 3 . . 19 3 3 5 2 . 3 Terrain Destroyed 1473 | . 2 115 130 5 2 13 . 28 28 75 2 7 . 57 18 15 5 6 707 180 11 13 37 13 4 Melee 25 | . . . 5 5 2 13 . . . . . . . . . . . . . . . . . . . Projectile 328 | . 2 4 7 . . . . 20 28 52 2 7 . 9 18 15 5 6 68 32 11 13 12 13 4 AOE 1120 | . . 111 118 . . . . 8 . 23 . . . 48 . . . . 639 148 . . 25 . . Terrain Rammed . | . . . . . . . . . . . . . . . . . . . . . . . . . . Walls Destroyed . | . . . . . . . . . . . . . . . . . . . . . . . . . . Machines Disabled . | . . . . . . . . . . . . . . . . . . . . . . . . . . Actions | -11 -10 -10 -8 -7 -7 -7 -7 -7 -6 -6 -6 -6 -6 -5 -5 -5 -5 -5 -5 -4 -4 -4 -4 -4 -4 --------- Run | Yrd Mat Sub Mat Fac Low Low Zio Dee Pro Fac Low Low Dat Pro Fac Ext Cet Arc Hub Fac Was Fac Upp Upp War Total 24553 | 86 933 1984 1251 1074 737 604 1443 3773 349 1912 830 362 462 1113 506 1099 403 656 1305 822 855 312 840 425 417 Wait 4440 | . 41 72 203 83 89 23 5 908 8 115 340 2 371 537 29 77 87 317 91 217 299 6 446 74 . Move 17503 | 66 796 1749 774 869 621 563 1363 2569 308 1563 447 328 84 519 387 855 253 254 978 413 466 252 341 315 370 Hop 14 | . . . . 14 . . . . . . . . . . . . . . . . . . . . . Pick Up 328 | 3 16 56 16 11 2 . 7 63 1 15 10 5 . 4 29 6 8 27 15 6 7 5 7 2 7 Fast Attach 206 | 7 2 5 37 9 5 1 9 29 2 11 3 2 . 3 7 6 10 7 11 10 8 5 4 6 7 Attach 102 | . 2 11 7 11 . . 4 23 . 3 3 1 . 1 1 . . 4 4 13 3 1 4 . 6 Detach 67 | 1 . . 8 5 1 . 6 6 . 5 . 1 . 3 . 1 1 . 2 12 4 2 4 . 5 Swap 149 | 1 12 14 24 10 1 . 10 12 4 5 2 1 . 4 10 4 2 2 11 8 3 3 4 . 2 Drop 500 | . 5 13 42 26 7 . 9 87 5 36 22 7 7 12 17 17 24 28 37 22 28 12 14 7 16 Fire 1024 | 8 59 64 112 11 . . . 76 21 145 3 15 . 30 26 42 18 17 154 121 37 24 16 21 4 Melee 81 | . . . 25 25 11 17 3 . . . . . . . . . . . . . . . . . . Ram . | . . . . . . . . . . . . . . . . . . . . . . . . . . Kick 9 | . . . . . . . . . . 6 . . . . . 1 . . 2 . . . . . . Crush 5 | . . . 3 . . . . . . . . . . . . . . . . . . 2 . . . Escape Stasis 15 | . . . . . . . . . . 5 . . . . . 10 . . . . . . . . . Rewire 79 | . . . . . . . . . . . . . . . . 79 . . . . . . . . . Trap . | . . . . . . . . . . . . . . . . . . . . . . . . . . Miscellaneous 31 | . . . . . . . 27 . . 3 . . . . . 1 . . . . . . . . . Route ------- -11/Scrapyard -10/Materials (discovered 6 exits: *Mat x3 / *Min x2 / *Sub) -10/Subcaves (discovered 2 exits: *Mat x2) -8/Materials -7/Factory (discovered 2 exits: *Fac / *Low) -7/Lower Caves -7/Lower Caves -7/Zion (discovered 2 exits: *Dee / [*Pro]) -7/Deep Caves -6/Proximity Caves -6/Factory (discovered 3 exits: *Fac / *Low x2) -6/Lower Caves -6/Lower Caves -6/Data Miner -5/Proximity Caves -5/Factory (discovered 4 exits: Upp x2 / *Ext x2) -5/Extension (discovered 2 exits: *Fac / *Cet) -5/Cetus (discovered 2 exits: *Fac / [*Arc]) -5/Archives (discovered 3 exits: *Fac / *Hub x2) -5/Hub_04(d) (discovered 3 exits: *Fac x3) -4/Factory (discovered 2 exits: Upp x2) -4/Waste -4/Factory -4/Upper Caves -4/Upper Caves (discovered 2 exits: [*Res] / *War) -4/Warlord (discovered 1 exit: [*Pro]) History --------- Turn | Location | Event 21 | -11/Scrapyard | Discovered new exit (range 16) 144 | -11/Scrapyard | Entered Materials 196 | -10/Materials | Discovered new exit (range 15) 326 | -10/Materials | Build established: Mutant 516 | -10/Materials | Discovered new exit (range 13) 802 | -10/Materials | Discovered new exit (range 15) 855 | -10/Materials | Discovered new exit (range 15) 880 | -10/Materials | Learned location of 1 exit from Storage 947 | -10/Materials | Identified exit to Subcaves 947 | -10/Materials | Identified exit to Mines 1004 | -10/Materials | Loaded intel: 10 interactive machine locations 1052 | -10/Materials | Identified exit to Materials 1139 | -10/Materials | Learned Storage stockpile data 1161 | -10/Materials | Lost 3 parts (1p1n1w) 1197 | -10/Materials | Learned location of 1 exit from Storage 1702 | -10/Materials | Entered Subcaves 1863 | -10/Subcaves | Ambushed by Subdweller buried in earth 1867 | -10/Subcaves | Core integrity fell below 50% 1897 | -10/Subcaves | Shifting Twisted Machinery released Battle Rifle 1897 | -10/Subcaves | Shifting Twisted Machinery released Sub. Shrapnel Launcher 1906 | -10/Subcaves | Discovered new exit (range 15) 1915 | -10/Subcaves | Lost 5 parts (1p2n1u1w) 1999 | -10/Subcaves | Curiously followed by a Cobbler waking with a query about "LVR3C" 2007 | -10/Subcaves | Learned location of Zion (-7) 2478 | -10/Subcaves | Ambushed by Subdweller buried in earth 2565 | -10/Subcaves | Met a Zionite searching for "candidates" 2923 | -10/Subcaves | Build established: Hauler-Mutant 2931 | -10/Subcaves | Discovered new exit (range 7) 4434 | -10/Subcaves | Shifting Twisted Machinery released Battle Cannon 6297 | -10/Subcaves | Learned Materials interactive machine intel 6522 | -10/Subcaves | Core integrity fell below 20% 6920 | -10/Subcaves | Visited 4L-MR0's lab 6948 | -10/Subcaves | Found Tower Shield 7014 | -10/Subcaves | Attached Tower Shield, gained temporary slots: Power, Propulsion x2, Utility x2, Weapon x2 7313 | -10/Subcaves | Build established: Hauler-Gunner 8570 | -10/Subcaves | Entered Materials 8570 | -8/Materials | Evolved 4 slots: Propulsion x2, Utility x2 8571 | -8/Materials | Loaded intel: 19 interactive machine locations 8876 | -8/Materials | Build established: Hauler-Tank 9270 | -8/Materials | Lost 4 parts (1p2n1u) 10023 | -8/Materials | Learned 2 Lower Caves zone layouts 10061 | -8/Materials | Learned Factory terminal intel 10089 | -8/Materials | Learned location of Lower Caves (-7) 10107 | -8/Materials | Learned Storage security intel 10115 | -8/Materials | Learned Factory repair station intel 10122 | -8/Materials | Learned Storage emergency access door positions 10137 | -8/Materials | Learned Factory emergency access door positions 10164 | -8/Materials | Learned Storage stockpile data 10204 | -8/Materials | Build established: Mutant 10459 | -8/Materials | Discovered new exit (range 5) 10465 | -8/Materials | Entered Factory 10465 | -7/Factory | Evolved 2 slots: Power x1, Utility x1 10467 | -7/Factory | Loaded intel: 26 terminal locations 10468 | -7/Factory | Loaded intel: 6 repair station locations 10591 | -7/Factory | Discovered new exit (range 5) 10596 | -7/Factory | Identified exit to Lower Caves 10714 | -7/Factory | Discovered new exit (range 2) 10714 | -7/Factory | Identified exit to Factory 10940 | -7/Factory | Entered Lower Caves 10947 | -7/Lower Caves | Learned Factory terminal intel 11010 | -7/Lower Caves | A Commander dispatched an escort 11011 | -7/Lower Caves | Learned location of 1 exit from Research 11011 | -7/Lower Caves | Learned Extension emergency access door positions 11011 | -7/Lower Caves | Learned Extension stockpile data 11011 | -7/Lower Caves | Learned Armory security intel 11058 | -7/Lower Caves | Discovered new exit (range 8) 11060 | -7/Lower Caves | Identified exit to Lower Caves 11234 | -7/Lower Caves | Entered another Lower Caves area 11234 | -7/Lower Caves | Accompanied by 2 allies 11235 | -7/Lower Caves | Commander's escort returned to base 11235 | -7/Lower Caves | Commander's escort returned to base 11298 | -7/Lower Caves | Learned Factory security intel 11309 | -7/Lower Caves | Build established: Hacker-Sprinter 11385 | -7/Lower Caves | Discovered new exit (range 12) 11387 | -7/Lower Caves | Learned 8 Factory zone layouts 11387 | -7/Lower Caves | Identified exit to Zion 11448 | -7/Lower Caves | Entered Zion 11483 | -7/Zion | Learned location of Warlord (-4) 11510 | -7/Zion | Learned location of Quarantine (-2) 11518 | -7/Zion | Found Unknown Piercing Weapon 11518 | -7/Zion | Identified CR-A16's Pointy Stick 11520 | -7/Zion | Given A8's code to call for help 11545 | -7/Zion | Learned Factory repair station intel 11547 | -7/Zion | Given the Hacking Drone Bay 11556 | -7/Zion | Learned location of Armory (-3) 11563 | -7/Zion | Received a hallucinogenic algorithm 11671 | -7/Zion | Met Imprinter 11866 | -7/Zion | Discovered new exit (range 15) 12143 | -7/Zion | Found Prototype Device 12143 | -7/Zion | Identified Hacking Drone Bay 12258 | -7/Zion | Discovered new exit (range 5) 12261 | -7/Zion | Saw the warning signs outside the Deep Caves entrance 12280 | -7/Zion | Enhanced Grunt warped into view, answering call for help 12287 | -7/Zion | Enhanced Grunt warped into view, answering call for help 12304 | -7/Zion | Identified exit to Deep Caves 12305 | -7/Zion | Entered Deep Caves 12305 | -7/Deep Caves | Accompanied by 2 allies 12376 | -7/Deep Caves | Build established: Derelict-Mutant 12463 | -7/Deep Caves | Attacked by Z-Imprinter 12476 | -7/Deep Caves | Allies destroyed Z-Imprinter 12540 | -7/Deep Caves | Found Prototype Protection 12541 | -7/Deep Caves | Identified Zio. Weapon Casing 12803 | -7/Deep Caves | Build established: Scavenger-Mutant 12825 | -7/Deep Caves | Z-Facility disabled 12994 | -7/Deep Caves | Found Prototype Protection 12994 | -7/Deep Caves | Identified Zio. Heavy Carapace 13023 | -7/Deep Caves | Found Zio. Weapon Casing 13584 | -7/Deep Caves | Found Zio. Heavy Carapace 13837 | -7/Deep Caves | Discovered new exit (range 3) 14166 | -7/Deep Caves | Spotted AG-29244 14198 | -7/Deep Caves | Destroyed AG-29244 14205 | -7/Deep Caves | Found GOLEM Unit 14228 | -7/Deep Caves | Lost 3 parts (1n2u) 14266 | -7/Deep Caves | Spotted AG-54675 14330 | -7/Deep Caves | Destroyed AG-54675 14340 | -7/Deep Caves | Found GOLEM Unit 14359 | -7/Deep Caves | Lost 4 parts (1p1n2u) 15003 | -7/Deep Caves | Found Zio. Weapon Casing 15109 | -7/Deep Caves | Build established: Mutant 15244 | -7/Deep Caves | Triggered Deep Caves wall 15245 | -7/Deep Caves | Core integrity fell below 50% 15245 | -7/Deep Caves | Exposed GOLEM chamber 15245 | -7/Deep Caves | Spotted AS-73327 15263 | -7/Deep Caves | Spotted AS-14216 15267 | -7/Deep Caves | Destroyed AS-73327 15272 | -7/Deep Caves | Destroyed AS-14216 15286 | -7/Deep Caves | Destroyed 34 combat bots 15286 | -7/Deep Caves | Lost 3 parts (1n2u) 15439 | -7/Deep Caves | Found Prototype Storage 15465 | -7/Deep Caves | Identified Lightpack 2.0 15564 | -7/Deep Caves | Found GOLEM Unit 15567 | -7/Deep Caves | Found GOLEM Unit 15898 | -7/Deep Caves | Build established: Golem 16234 | -7/Deep Caves | Found GOLEM Unit 16660 | -7/Deep Caves | Found Zio. Weapon Casing 16665 | -7/Deep Caves | Found Zio. Weapon Casing 17997 | -7/Deep Caves | Found GOLEM Unit 18135 | -7/Deep Caves | Entered Proximity Caves 18783 | -6/Proximity Caves | Entered Factory 18783 | -6/Factory | Evolved 2 slots: Utility x2 18786 | -6/Factory | Loaded intel: 26 terminal locations 18787 | -6/Factory | Loaded intel: 6 repair station locations 19171 | -6/Factory | Found Hvy. Reactive Plating 19483 | -6/Factory | Discovered new exit (range 10) 19798 | -6/Factory | Repaired Imp. Heavy Armor Plating 20257 | -6/Factory | Identified exit to Factory 20510 | -6/Factory | Garrison activated, responded to threat 20558 | -6/Factory | Cargo convoy interrupted 21952 | -6/Factory | Garrison activated, responded to threat 22043 | -6/Factory | Identified exit to Lower Caves 22439 | -6/Factory | Entered Lower Caves 22806 | -6/Lower Caves | Encountered a Warlord checkpoint 23365 | -6/Lower Caves | Discovered new exit (range 8) 23450 | -6/Lower Caves | Learned Armory trap positions 23450 | -6/Lower Caves | Learned Extension stockpile data 23450 | -6/Lower Caves | Learned Research garrison access intel 23649 | -6/Lower Caves | Entered another Lower Caves area 24294 | -6/Lower Caves | Discovered new exit (range 12) 24315 | -6/Lower Caves | Entered Data Miner 24316 | -6/Data Miner | Discovered new exit (range 6) 24352 | -6/Data Miner | Met Data Miner 24391 | -6/Data Miner | Learned location of Section 7 (-2) 24391 | -6/Data Miner | Acquired the access code to Warlord's prototype stash 24421 | -6/Data Miner | Received God Mode back door access code from Data Miner 24845 | -6/Data Miner | Entered Proximity Caves 24927 | -5/Proximity Caves | Spotted B-75 Beast 25595 | -5/Proximity Caves | Attracted the attention of an 0b10 checkpoint 25632 | -5/Proximity Caves | Destroyed 7 combat bots 25704 | -5/Proximity Caves | Learned Factory terminal intel 25753 | -5/Proximity Caves | Discovered exit to Factory (range 11) 26561 | -5/Proximity Caves | Entered Factory 26561 | -5/Factory | Evolved 2 slots: Utility x2 26562 | -5/Factory | Identified exit to Extension 26563 | -5/Factory | Loaded intel: 27 terminal locations 26807 | -5/Factory | Identified exit to Upper Caves 26807 | -5/Factory | Central database locked down 27173 | -5/Factory | Spotted B-75 Beast 27440 | -5/Factory | Entered Extension 27673 | -5/Extension | Rescued a captive Derelict 27687 | -5/Extension | Rescued A7 27815 | -5/Extension | Repaired Lyr. Medium Armor Plating 27837 | -5/Extension | Rescued a captive Derelict 28162 | -5/Extension | Rescued a captive Derelict 28163 | -5/Extension | Rescued a captive Derelict 28444 | -5/Extension | Spotted B-75 Beast 28448 | -5/Extension | Allies destroyed B-75 Beast 28452 | -5/Extension | Spotted B-75 Beast 28463 | -5/Extension | Allies destroyed B-75 Beast 29102 | -5/Extension | Build established: Commander-Golem 29122 | -5/Extension | Rescued a captive Derelict 29387 | -5/Extension | Rescued a captive Derelict 29455 | -5/Extension | Discovered new exit (range 10) 29462 | -5/Extension | Disrupted transfer network 29489 | -5/Extension | Discovered new exit (range 6) 29528 | -5/Extension | Entered Cetus 29528 | -5/Cetus | Accompanied by 14 allies (A7) 29533 | -5/Cetus | Acquired a Cetus Manufacturing Module code from A7 29556 | -5/Cetus | Spotted Cetus Guard 29556 | -5/Cetus | Spotted Cetus Guard 29560 | -5/Cetus | Spotted Cetus Guard 29562 | -5/Cetus | Allies destroyed Cetus Guard 29563 | -5/Cetus | Spotted Cetus Guard 29564 | -5/Cetus | Allies destroyed Cetus Guard 29566 | -5/Cetus | Allies destroyed Cetus Guard 29568 | -5/Cetus | Allies destroyed Cetus Guard 29736 | -5/Cetus | Started Cetus Manufacturing Module 29753 | -5/Cetus | Escorted A7 to Cetus Mainframe 29761 | -5/Cetus | Manufactured an Enhanced Grunt 29780 | -5/Cetus | Discovered new exit (range 15) 29786 | -5/Cetus | Manufactured an Enhanced Grunt 29811 | -5/Cetus | Manufactured an Enhanced Grunt 29836 | -5/Cetus | Manufactured an Enhanced Grunt 29861 | -5/Cetus | Manufactured an Enhanced Grunt 29918 | -5/Cetus | Spotted Cetus Guard 29918 | -5/Cetus | Spotted Cetus Guard 29922 | -5/Cetus | Spotted Cetus Guard 29923 | -5/Cetus | Spotted Cetus Guard 29928 | -5/Cetus | Allies destroyed Cetus Guard 29928 | -5/Cetus | Allies destroyed Cetus Guard 29936 | -5/Cetus | Allies destroyed Cetus Guard 29938 | -5/Cetus | Allies destroyed Cetus Guard 29950 | -5/Cetus | Discovered new exit (range 16) 29969 | -5/Cetus | Met Revision 17 30101 | -5/Cetus | Murdered A7 30106 | -5/Cetus | Extracted ID and sensor layout for unrecognized location from A7's data core 30243 | -5/Cetus | Entered Archives 30243 | -5/Archives | Accompanied by 6 allies 30315 | -5/Archives | Discovered new exit (range 16) 30450 | -5/Archives | Discovered new exit (range 16) 30605 | -5/Archives | Discovered new exit (range 16) 31260 | -5/Archives | Entered Hub_04(d) 31260 | -5/Hub_04(d) | Accompanied by 6 allies 31514 | -5/Hub_04(d) | Discovered new exit (range 6) 31898 | -5/Hub_04(d) | Discovered new exit (range 3) 32097 | -5/Hub_04(d) | Build established: Golem 32344 | -5/Hub_04(d) | Discovered new exit (range 5) 32502 | -5/Hub_04(d) | Build established: Scavenger-Golem 32680 | -5/Hub_04(d) | Network Hub disabled 32737 | -5/Hub_04(d) | Found Prototype Launcher 32737 | -5/Hub_04(d) | Identified Tesla Bomb Launcher 33013 | -5/Hub_04(d) | Network Hub disabled 33059 | -5/Hub_04(d) | Spotted Lightning 33060 | -5/Hub_04(d) | First assault squad dispatched 33062 | -5/Hub_04(d) | Spotted Lightning 33062 | -5/Hub_04(d) | Spotted Lightning 33067 | -5/Hub_04(d) | System corruption reached 10% 33075 | -5/Hub_04(d) | Incoming assault squad redirected 33084 | -5/Hub_04(d) | Destroyed Lightning 33096 | -5/Hub_04(d) | Destroyed Lightning 33129 | -5/Hub_04(d) | Found Prototype Device 33132 | -5/Hub_04(d) | Identified Exp. EM Disruption Field 33137 | -5/Hub_04(d) | Found Prototype Energy Cannon 33148 | -5/Hub_04(d) | Destroyed Lightning 33235 | -5/Hub_04(d) | Garrison activated, responded to threat 33302 | -5/Hub_04(d) | Spotted Lightning 33302 | -5/Hub_04(d) | Spotted Lightning 33302 | -5/Hub_04(d) | Spotted Lightning 33327 | -5/Hub_04(d) | Destroyed Lightning 33357 | -5/Hub_04(d) | Destroyed Lightning 33369 | -5/Hub_04(d) | Destroyed Lightning 33377 | -5/Hub_04(d) | Incoming assault squad redirected 33394 | -5/Hub_04(d) | Found Prototype Device 33395 | -5/Hub_04(d) | Identified Exp. Phase Shifter 33427 | -5/Hub_04(d) | Network Hub disabled 33607 | -5/Hub_04(d) | Spotted Lightning 33655 | -5/Hub_04(d) | Network Hub disabled 33660 | -5/Hub_04(d) | Spotted Lightning 33660 | -5/Hub_04(d) | Spotted Lightning 33675 | -5/Hub_04(d) | Destroyed Lightning 33677 | -5/Hub_04(d) | Incoming assault squad redirected 33681 | -5/Hub_04(d) | Incoming assault squad redirected 33687 | -5/Hub_04(d) | Destroyed Lightning 33690 | -5/Hub_04(d) | Destroyed Lightning 33738 | -5/Hub_04(d) | Found Prototype Energy Cannon 33738 | -5/Hub_04(d) | Identified EMDS (x2) 33748 | -5/Hub_04(d) | Found Exp. EM Disruption Field 33760 | -5/Hub_04(d) | Found Prototype Processor 33760 | -5/Hub_04(d) | Identified Exp. Targeting Computer 33937 | -5/Hub_04(d) | Entered Factory 33937 | -4/Factory | Evolved 2 slots: Utility x2 34031 | -4/Factory | Destroyed 8 combat bots 34716 | -4/Factory | First assault squad dispatched 34822 | -4/Factory | System corruption reached 10% 34842 | -4/Factory | Destroyed 10 combat bots 35199 | -4/Factory | Build established: Wizard-Golem 35248 | -4/Factory | Incoming assault squad redirected 35307 | -4/Factory | Lost 5 parts (5u) 35327 | -4/Factory | Incoming assault squad redirected 35380 | -4/Factory | Destroyed 18 combat bots 35452 | -4/Factory | Identified exit to Upper Caves 35483 | -4/Factory | Sucked down chute 35483 | -4/Factory | Entered Waste 35504 | -4/Waste | Build established: Hacker-Golem 35506 | -4/Waste | Spotted C-40 Crusher 35507 | -4/Waste | Spotted C-40 Crusher 35510 | -4/Waste | Destroyed C-40 Crusher 35527 | -4/Waste | Spotted C-40 Crusher 35550 | -4/Waste | Spotted C-40 Crusher 35564 | -4/Waste | Destroyed C-40 Crusher 35575 | -4/Waste | Spotted C-40 Crusher 35649 | -4/Waste | Destroyed C-40 Crusher 35665 | -4/Waste | Destroyed C-40 Crusher 35699 | -4/Waste | Destroyed C-40 Crusher 35784 | -4/Waste | Spotted C-40 Crusher 35811 | -4/Waste | Destroyed C-40 Crusher 36025 | -4/Waste | Found Damper Plating 36291 | -4/Waste | Build established: Golem 36447 | -4/Waste | Discovered new exit (range 12) 36628 | -4/Waste | Warlord forces began an assault 37056 | -4/Waste | Entered Factory 37056 | -4/Factory | Accompanied by 19 allies 37267 | -4/Factory | Discovered exit to Upper Caves (range 13) 37488 | -4/Factory | Garrison activated, responded to threat 37599 | -4/Factory | First assault squad dispatched 37665 | -4/Factory | P-70 Sage assimilated allied UQ-RG1(m) 37693 | -4/Factory | Lost 7 allies 37765 | -4/Factory | Entered Upper Caves 37796 | -4/Upper Caves | Lost 3 parts (1u2w) 38162 | -4/Upper Caves | Build established: Scavenger-Golem 38890 | -4/Upper Caves | Learned Research trap positions 38914 | -4/Upper Caves | Discovered new exit (range 9) 38976 | -4/Upper Caves | Attacked by a delusional Derelict stockpiling parts 39095 | -4/Upper Caves | Entered another Upper Caves area 39095 | -4/Upper Caves | Discovered new exit (range 6) 39110 | -4/Upper Caves | Attracted the attention of an 0b10 checkpoint 39558 | -4/Upper Caves | Learned 4 Research zone layouts 39865 | -4/Upper Caves | Discovered new exit (range 5) 40002 | -4/Upper Caves | Entered Warlord 40083 | -4/Warlord | System corruption cleaned by Quarantine Array 40285 | -4/Warlord | Visited the Vortex Lab 40292 | -4/Warlord | Warlord's base attacked by MAIN.C 40297 | -4/Warlord | Found Prototype Energy Gun 40297 | -4/Warlord | Identified Vortex Rifle 40307 | -4/Warlord | Found Prototype Energy Gun 40307 | -4/Warlord | Identified Vortex Shotgun 40312 | -4/Warlord | Found Vortex Shotgun 40369 | -4/Warlord | Found Prototype Device 40369 | -4/Warlord | Identified Minesniffer Drone Bay 40524 | -4/Warlord | Met Warlord 40545 | -4/Warlord | Opened Warlord's prototype stash 40556 | -4/Warlord | Found Prototype Device 40556 | -4/Warlord | Identified Thermal Barrier 40561 | -4/Warlord | Found Prototype Processor 40561 | -4/Warlord | Identified Exp. Armor Integrity Analyzer 40576 | -4/Warlord | Found Prototype Hackware 40587 | -4/Warlord | Found Exp. Phase Shifter 40642 | -4/Warlord | Warlord forces counterattacked 40785 | -4/Warlord | Spotted Striker 40805 | -4/Warlord | P-80 Master assimilated allied TU-EQ0(M) 40815 | -4/Warlord | Lost 3 allies 40822 | -4/Warlord | P-80 Master assimilated allied MI-FQB(g) 40823 | -4/Warlord | Spotted Executioner 40858 | -4/Warlord | Core integrity fell below 50% 40860 | -4/Warlord | Spotted Striker 40892 | -4/Warlord | Spotted Executioner 40893 | -4/Warlord | Spotted Striker 40893 | -4/Warlord | Discovered new exit (range 12) 40910 | -4/Warlord | Core integrity fell below 20% 40914 | -4/Warlord | Identified Ghost Barrier 40914 | -4/Warlord | Destroyed by Executioner with Helical Railgun Last Messages --------------- 40907_ P-70 Sage resets Executioner, system corruption cleaned. 40908_ GOLEM Unit destroyed. 40908_ Imp. Force Field destroyed. 40908_ Slug penetrates Wall. 40908_ Penetrated by Slug. 40908_ Centrium Heavy Treads destroyed. 40908_ Slug penetrates Executioner. 40908_ Asb. Alloy Leg destroyed. 40911_ Slug penetrates P-80 Master. 40911_ Slug penetrates P-70 Sage. 40911_ Slug penetrates G-67 Veteran. 40912_ System corrupted: Hvy. Siege Treads rejected. 40914_ Identified Ghost Barrier. 40914_ P-70 Sage resets Executioner, system corruption cleaned. 40914_ Penetrated by Slug. 40914_ Slug penetrates Wall. 40914_ Slug penetrates Earth. Map ----- +----------------------------------------------------+ | | | | | | | | | | | | | | | ???????????????????????????????? | | ???????????????????????????????? | | ???????????????????????????????? | | ???????????????????????????????? | | ???????????????????????????????? | | ???????????????????????????????? | | ???????????????????????????????? | | ???????????????????????????????? | | ???????????????????????????????? | | ?????????????????????????#?????? | | ????????????????????????# #????? | | ????????????????????????# #????? | | ??????????????????????###;#????? | | ????????????????????### ####?? | | ????????????????????#; i ;### | | ???????????????????## =g < | | ???????????????????# pEg ? | | ???????????????????# /g ;#?? | | ???????????????????# K@g;#??? | | ??????????? ?????#### [ ;#??? | | ???????????# ???## ##; ppg;##??? | | ????????????# ??# ;;=% ;;#???? | | ????????????# ###;; /%= ;##???? | | ????????????# ==== ###?? | | ????????????## #;;%%%=;; #?? | | ?????????????## !;/ # #? | | ??????????????### gpE;; # #? | | ????????????????# ; # ##? | | ????###?????????## /=;;# #?? | | ##??# #??????????#; *%! #; ##? | | #### ####???????#;;=pg ";# #? | | ! # #####???##; *%!;" "#? | | /*%= ""!""#????##*!*= ; "##? | | ==[[%=!*[[!%"#######==*% "##?? | | %*%*=!* %!%%[##[!*#"[!=% ##??? | | %% [%[[ !!=!==*!=!%%%=[!" #??? | | %!=%=!!*%=*[/=!%!!*%/[""#" #??? | | !% %!! *[=%=####[![[=!* # #??? | | ==" !=![=##?##!!=#! ## "#?? | | [""" ""!![ =##?#=!!##"## #?? | | %"########"##" ###/%#"#" # #?? | | ###??????# ?### ##*=### "?? | | ?????????#????##"[[!### "#? | +----------------------------------------------------+ Best States ------------- Heat Dissipation 88 Energy Generation 57 Energy Capacity 1100 Matter Stores 300 Matter Capacity 300 Sight Range 16 Robot Scan Range 15 Terrain Scan Range 16 Terrain Scan Density 210 ECM Strength 1 Jamming Range 14 Cloak Strength 3 Power Amplification 30 Additional Mass Support 20 Armor Coverage 3400 Resistance: KI 40 Resistance: TH 15 Resistance: EX 15 Resistance: EM 90 Resistance: I 15 Resistance: S 15 Resistance: P 15 Propulsion Shielding 90 Utility Shielding 66 Weapon Shielding 100 Phase Shifting 20 Evasion (%) 70 Targeting Accuracy 8 Core Analysis 8 Armor Integrity Analysis 50 Recoil Reduction 4 Energy Filtering 30 Offensive Hacking 36 Defensive Hacking 26 Item Schematics ----------------- Huge Storage Unit | -10/Materials | Hacked Hacking Suite | -8/Materials | Hacked Plasma Cutter | -8/Materials | Hacked Multitool | -8/Materials | Scanalyzed Imp. VTOL Module | -8/Materials | Scanalyzed Battle Cannon | -7/Zion | Free Riot Gun | -7/Zion | Free Hvy. Riot Gun | -7/Zion | Free Flamer | -7/Zion | Free Arc Thrower | -7/Zion | Free Enh. Flamer | -7/Zion | Free Combat Drone Bay | -6/Data Miner | Free Lgt. Regenerative Plating | -6/Data Miner | Free Cld. Gravmag System | -6/Data Miner | Free Exp. Heat Sink | -6/Data Miner | Free Kinetic Spear | -6/Data Miner | Free Adv. VSS Leg | -6/Data Miner | Free Adv. Cryofiber Web | -6/Data Miner | Free Hvy. Gauss Cannon | -6/Data Miner | Free Hvy. Treads | -5/Factory | Hacked Adv. Thermal Generator | -5/Factory | Hacked Biometal Heavy Treads | -4/Factory | Hacked Robot Schematics ------------------ B-60 Warrior | -6/Data Miner | Free H-66 Slayer | -6/Data Miner | Free R-10 Processor | -6/Data Miner | Free Fabricated ------------ Nothing Alien Tech Used ----------------- None Achievements -------------- None Challenges ------------ None Game ------ Seed RemoteForcePit Manual? 0 Play Time 04:39:05 Cumulative 333.7 hours Start 2024.09.20 @ 16:51:40 End 2024.09.20 @ 21:57:45 Sessions 1 Manual Loads 0 Difficulty Rogue Special Mode None Game No. 234 Rogue 229 Adventurer 5 Explorer 0 Win Type - Total 7 Types 4/0/3/0/0/0/0/0/0 Lore% 67 Gallery% 85 Achievement% 69 Wizard Run 0 Options --------- Layout 2 ASCII 0 Keyboard 0 Movement Mouse Keybinds 0 Fullscreen 2 Font 24/Smallcaps Map View 50x44 Zoom Use 0% Tactical HUD 1 Map Filters NONE Filters NONE Steam 1 RUN: e2f75cdf-2525-4712-9372-58a19075e185